 Dungeon Crawl Stone Soup version 0.25.0-46-gbd7b0854d2 (webtiles) character file.

Game seed: 3567300378851083606

21 Milting the Skirmisher (level 2, -1/24 HPs)
             Began as a Demonspawn Monk on July 12, 2020.
             Slain by a wight
             ... wielding a +0 great sword
              (12 damage)
             ... on level 2 of the Dungeon.
             The game lasted 00:03:25 (1325 turns).

Milting the Skirmisher (Demonspawn Monk)            Turns: 1325, Time: 00:03:25

Health: -1/24      AC: 10    Str: 11    XL:     2   Next: 65%
Magic:  2/2        EV:  2    Int: 11    God:
Gold:   122        SH:  0    Dex: 15    Spells: 1/1 levels left

rFire    . . .     SeeInvis .   a - +0 falchion
rCold    . . .     Gourm    .   (no shield)
rNeg     . . .     Faith    .   g - +0 plate armour
rPois    .         Spirit   .   (no helmet)
rElec    .         Reflect  .   (no cloak)
rCorr    .         Harm     .   (no gloves)
MR       .....                  (no boots)
Stlth    ..........             (no amulet)
HPRegen  0.08/turn              (no ring)
MPRegen  0.08/turn              (no ring)

@: no status effects
A: rot immunity
a: no special abilities


You were on level 2 of the Dungeon.
You were not hungry.

You visited 1 branch of the dungeon, and saw 2 of its levels.

You collected 122 gold pieces.

Inventory:

Hand Weapons
 a - a +0 falchion (weapon)
Missiles
 f - 45 stones (quivered)
Armour
 b - a +0 robe
 g - a +0 plate armour (worn)
 l - a +0 buckler
Scrolls
 e - a scroll of teleportation {unknown}
 k - a scroll of magic mapping {unknown}
Potions
 d - a potion of degeneration {unknown}
 h - a potion of curing {unknown}
 i - a potion of flight {unknown}
 j - a potion of lignification {unknown}
Comestibles
 c - 3 rations


   Skills:
 * Level 3.2 Fighting
 * Level 2.9 Long Blades
 * Level 0.7 Armour
 - Level 2.7 Dodging
 + Level 2.0 Stealth
 + Level 0.3 Spellcasting


You had one spell level left.
You didn't know any spells.
Your spell library was empty.

Dungeon Overview and Level Annotations

Branches:
Dungeon (2/15)

Altars:

Annotations:
D:2 1 runed translucent door


Innate Abilities, Weirdness & Mutations

You are immune to rotting.


Message History

f - 24 stones (gained 17)
f - 45 stones (gained 21)
You now have 122 gold pieces (gained 13).
Found a mace.
Found a runed translucent door.
A wight comes into view. It is wielding a +0 flail.
A wight comes into view. It is wielding a +0 great sword.
You see here a buckler.
l - a buckler A wight comes into view. It is wielding a +0 great sword.
There are monsters nearby!
You hit the wight but do no damage. The wight hits you but does no damage.
You barely miss the wight. The wight hits you with a +0 flail.
You hit the wight but do no damage. The wight hits you but does no damage.
You hit the wight but do no damage. The wight hits you but does no damage.
The wight hits you with a +0 great sword!
The wight hits you with a +0 great sword.
You closely miss the wight. The wight hits you but does no damage.
The wight hits you with a +0 great sword!
Ouch! That really hurt!
You die...

♣. ♣.♣♣ ♣♣.♣ ♣♣.♣♣
###### ♣♣PP.♣ #.....
♣.P..♣ ###.#### ####
#....# #.......
###..####+..+###.......
#....z@##...........<..
#....zz##..............
#.........z............
#......................
#...........z..........
#......................
#......................
####..........#########
############


You could see 3 wights.

Vanquished Creatures
  A dart slug (D:1)
  5 goblins (D:1)
  4 jackals (D:1)
  3 kobolds (D:1)
  2 bats (D:1)
  2 frilled lizards (D:1)
  A rat (D:1)
18 creatures vanquished.

Notes
Turn   | Place    | Note
-------+----------+-------------------------------------------
     0 | D:1      | Milting the Demonspawn Monk began the quest for the Orb.
     0 | D:1      | Reached XP level 1. HP: 18/18 MP: 1/1
   243 | D:1      | Gained mutation: You are immune to rotting. [demonic
                  | ancestry]
   243 | D:1      | Reached XP level 2. HP: 24/24 MP: 2/2
  1298 | D:2      | Found a runed translucent door.
  1309 | D:2      | Noticed a wight
  1309 | D:2      | Noticed a wight
  1311 | D:2      | Noticed a wight
  1325 | D:2      | Slain by a wight

Illustrated notes

Levels and vault maps discovered:
D:1:      nzn_arrival_water_spiral, layout_basic, minmay_misc_feat_cross
D:2:      layout_basic, eat_drink_and_be_merry_uskayaw, uniq_crazy_yiuf_cottage,
          uniq_sigmund

Skill      XL: |  1  2 |
---------------+-------+-----
Stealth        | 2 |  2.0
Fighting       | |  3.2
Long Blades    | |  2.9
Armour         | |  0.7
Dodging        | |  2.7
Spellcasting   | |  0.3

Action                   || total
-------------------------++-------
Melee: Falchion          ||    60
 Stab: Sleeping          ||     1
  Eat: Chunk             ||     1
Armor: Plate armour      ||    93
       Robe              ||     4
Dodge: Dodged            ||    19
       Rpst.: Falchion   ||     2
